 Dungeon Crawl Stone Soup version 0.27-a0-1101-ge311f74bc8 (webtiles) character file.

Game seed: 5875489690040973798

2 1player the Digger (level 1, 0/11 HPs)
             Began as a Gargoyle Earth Elementalist on Apr 28, 2021.
             Slain by a ball python (1 damage)
             ... on level 1 of the Dungeon.
             The game lasted 00:00:27 (35 turns).

1player the Digger (Gargoyle Earth Elementalist)      Turns: 35, Time: 00:00:28

Health: 0/11       AC:  4    Str: 11    XL:     1   Next: 30%
Magic:  0/3        EV:  8    Int: 15    God:
Gold:   0          SH:  0    Dex: 10    Spells: 3/4 levels left

rFire    . . .     SeeInvis .   (no weapon)
rCold    . . .     Faith    .   (no shield)
rNeg     + . .     Spirit   .   c - +0 robe
rPois    ∞         Reflect  .   (no helmet)
rElec    +         Harm     .   (no cloak)
rCorr    .         Rampage  .   (no gloves)
Will     .....                  (no boots)
Stlth    ++........             (no amulet)
HPRegen  0.03/turn              (no ring)
MPRegen  0.08/turn              (no ring)

@: constricted
A: AC +2, negative energy resistance 1, electricity resistance, torment
resistance 1, unbreathing 1, petrification resistance
a: no special abilities


You were on level 1 of the Dungeon.
You visited 1 branch of the dungeon, and saw 1 of its levels.

Inventory:

Missiles
 b - 26 stones
Armour
 c - a +0 robe (worn)


   Skills:
 + Level 0.3 Fighting
 - Level 1.5 Dodging
 - Level 2.1 Stealth
 - Level 2.0 Spellcasting
 - Level 0.7 Transmutations
 + Level 3.7 Earth Magic


You had 3 spell levels left.
You knew the following spells:

 Your Spells              Type           Power      Damage    Failure   Level
q - Sandblast             Erth           24%        2d8       4%          1

Your spell library contained the following spells:

 Spells                   Type           Power      Damage    Failure   Level
 Passwall                 Tmut/Erth      6%         N/A       14%         2
 Stone Arrow              Conj/Erth      14%        3d7       30%         3
 Petrify                  Tmut/Erth      8%         N/A       65%         4
 Lee's Rapid Deconstruct  Erth           6%         3d7*      80%         5


Dungeon Overview and Level Annotations

Branches:
Dungeon (1/15)

Altars:


Innate Abilities, Weirdness & Mutations

Your stone body is resilient. (AC +2)
You are immune to poison.
You resist negative energy. (rN+)
You are resistant to electric shocks. (rElec)
You are resistant to unholy torment.
You can survive without breathing.
You are immune to petrification.


Message History

The blast of sand misses the bat.
The blast of sand hits the kobold.
You kill the kobold!
The bat hits you. The bat barely misses you.
You hit the bat but do no damage. The bat closely misses you.
The bat barely misses you. The bat hits you.
You closely miss the bat. The bat hits you but does no damage.
The bat hits you.
You hit the bat but do no damage. The bat hits you but does no damage.
The bat hits you. The bat hits you but does no damage. The bat hits you.
The bat misses you. Why would you want to do that?
The bat hits you but does no damage. The bat barely misses you.
Why would you want to do that? The bat closely misses you.
The bat barely misses you. The bat hits you but does no damage.
The ball python barely misses you. The ball python grabs you.
The ball python constricts you.
You hit the ball python.
The ball python is heavily wounded.
The bat completely misses you.
The ball python bites you but does no damage.
The ball python constricts you.
You closely miss the ball python.
The ball python is heavily wounded.
The bat hits you but does no damage.
The ball python bites you but does no damage.
The ball python constricts you.
Casting: Sandblast (safe; 4% risk of failure)
Confirm with . or Enter, or press ? or * to list all spells.
Aiming: Sandblast (safe; 4% risk of failure)
Press: ? - help, Shift-Dir - straight line, f/p - bat
Aim: a bat (water, 69% to hit)
The blast of sand hits the bat!
You kill the bat!
The ball python bites you.
* * * LOW HITPOINT WARNING * * *
You die...

##.... ....... #...$..##...$.
..≈≈≈≈≈≈≈≈≈≈B#
.#≈≈≈≈≈≈≈≈≈≈≈≈## .
.≈≈≈≈≈≈≈≈≈≈≈≈≈≈## ..
≈≈≈8≈≈≈≈≈≈≈≈8≈≈≈# ...
≈≈≈≈≈≈≈≈≈≈≈≈≈≈≈≈#########....
≈≈≈≈≈≈≈≈≈...≈≈≈≈....)...⌠)⌠..
≈≈≈≈≈≈≈≈.≈≈≈@S≈...####.......
≈≈≈≈≈≈≈<.≈≈≈≈..≈..# #.._....
≈..≈≈≈≈.>≈≈≈≈≈≈≈..# #K......
.≈≈.≈≈≈.≈≈≈≈≈≈≈≈..# #..⌠....
≈≈≈≈...≈≈≈≈≈≈≈≈≈#.# #..#.g..
≈≈≈≈≈≈≈≈≈≈≈≈≈≈≈≈#... .(......
≈≈≈8≈≈≈≈≈≈≈≈8≈≈≈...##....##..
#≈≈≈≈≈≈≈≈≈≈≈≈≈≈..#..
..≈≈≈≈≈≈≈≈≈≈≈≈..####.


You could see a giant cockroach and a ball python.

Vanquished Creatures
  A kobold (D:1)
  A bat (D:1)
  A rat (D:1)
3 creatures vanquished.

Notes
Turn   | Place    | Note
-------+----------+-------------------------------------------
     0 | D:1      | 1player the Gargoyle Earth Elementalist began the quest for
                  | the Orb.
     0 | D:1      | Reached XP level 1. HP: 10/10 MP: 3/3
    11 | D:1      | Found a faded altar of an unknown god.
    35 | D:1      | Slain by a ball python

Illustrated notes

Levels and vault maps discovered:
D:1:      nzn_arrival_water_spiral, layout_rooms,
          hellmonk_ecumenical_altar_run_dry

Action                   || total
-------------------------++-------
Melee: Unarmed           ||     5
 Cast: Sandblast         ||     4
Armor: Robe              ||     9
Dodge: Dodged            ||    17

Table legend: (Time is in decaauts)
 A = Elapsed time spent in this place.
 B = Non-inter-level travel time spent in this place.
 C = Inter-level travel time spent in this place.
 D = Time resting spent in this place.
 E = Time spent auto-exploring this place.
 F = Levels seen in this place.
 G = Mean time per level.
                   A        B        C        D        E       F      G
               +--------+--------+--------+--------+--------+-----+--------+
         Total |     35 |     35 |      0 |      0 |     12 |   1 |   35.0 |
       Dungeon |     35 |     35 |      0 |      0 |     12 |   1 |   35.0 |
               +--------+--------+--------+--------+--------+-----+--------+

Top non-repeatable levels by time:
     D:1: 35 daAuts
